 Dungeon Crawl Stone Soup version 0.30-a0-1066-g63dfefce0d (webtiles) character file.

Game seed: 11955556007259329559

64 hwolsky the Covered (level 3, 0/33 HPs)
             Began as a Minotaur Fighter on Apr 12, 2023.
             Slain by a gnoll
             ... wielding a +0 halberd
              (12 damage)
             ... on level 2 of the Dungeon.
             The game lasted 00:05:10 (1369 turns).

hwolsky the Covered (Minotaur Fighter)              Turns: 1369, Time: 00:05:11

Health: 0/33       AC:  7    Str: 22    XL:     3   Next: 91%
Magic:  2/2        EV:  9    Int:  5    God:
Gold:   62         SH:  4    Dex:  9    Spells: 2/2 levels left

rFire   . . .      SeeInvis .    f - +2 dagger (venom)
rCold   . . .      Faith    .    c - +0 buckler
rNeg    . . .      Spirit   .    b - +0 scale mail
rPois   .          Reflect  .    (helmet restricted)
rElec   .          Rampage  .    (no cloak)
rCorr   .                        (no gloves)
Will    .....                    (no boots) Stlth
                                 (no amulet)
HPRegen 0.25/turn                (no ring)
MPRegen 0.08/turn                (no ring)

@: silenced
A: horns 2, retaliatory headbutt
a: no special abilities


You were on level 2 of the Dungeon.
You visited 1 branch of the dungeon, and saw 2 of its levels.

You collected 62 gold pieces.

Inventory:

Hand Weapons
 a - a +0 long sword
 f - a +2 dagger of venom (weapon)
Armour
 b - a +0 scale mail (worn)
 c - a +0 buckler (worn)
Scrolls
 k - a scroll of fog {unknown}
Potions
 d - 2 potions of might
 e - a potion of haste {unknown}
 h - a potion of heal wounds {unknown}
 j - a potion of flight {unknown}


   Skills:
 + Level 4.0 Fighting
 * Level 2.1(2.8) Short Blades
 + Level 3.0(3.5) Long Blades
 + Level 4.1 Armour
 + Level 4.0 Shields


You had 2 spell levels left.
You didn't know any spells.
Your spell library contained the following spells:

 Spells                   Type           Power      Damage    Failure   Level
 Apportation              Tloc           0%         N/A       87%         1
 Necrotise                Necr           0%         1d4       87%         1
 Summon Small Mammal      Summ           0%         N/A       87%         1
 Lesser Beckoning         Tloc           0%         N/A       95%         2
 Gell's Gravitas          Tloc           0%         N/A       99%         3
 Teleport Other           Tloc           0%         N/A       99%         3
 Summon Ice Beast         Ice/Summ       0%         N/A       100%        4
 Freezing Cloud           Conj/Ice/Air   0%         6-21      100%        5
 Ozocubu's Refrigeration  Ice            0%         4d7       100%        7


Dungeon Overview and Level Annotations

Branches:
Dungeon (2/15)

Altars:


Innate Abilities, Weirdness & Mutations

You have a pair of horns on your head.
You reflexively headbutt those who attack you in melee.


Message History

The adder bites you.
You are poisoned.
The adder poisons you!
You miss the adder. Your headbutt misses the adder.
The adder is severely wounded.
You feel sick. The adder bites you.
You are more poisoned.
The adder poisons you!
You hit the adder.
You kill the adder!
You feel sick.
You hit the gnoll.
The gnoll is poisoned.
The gnoll is lightly wounded.
You feel sick.
You feel sick.
A giant cockroach comes into view.
The gnoll hits you but does no damage. The gnoll hits you with a +0 halberd.
The giant cockroach moves out of view.
You barely miss the gnoll. You headbutt the gnoll!
The gnoll is severely wounded.
You feel sick. The gnoll hits you with a +0 club.
* * * LOW HITPOINT WARNING * * *
The gnoll completely misses you.
You feel better. The gnoll hits you with a +0 club.
You block the gnoll's attack. The gnoll completely misses you.
As you read the scroll labelled IZEJUM RYCLAIMPE, it crumbles to dust.
A profound silence engulfs you.
It was a scroll of silence.
The gnoll barely misses you. The gnoll closely misses you.
A gnoll comes into view. It is wielding a +0 whip.
You block the gnoll's attack. The gnoll attacks as you move away!
You block the gnoll's attack. The gnoll closely misses you.
You block the gnoll's attack. The gnoll attacks as you move away!
The gnoll hits you with a +0 whip. The gnoll hits you but does no damage.
Magic scrolls do not work when you're silenced!
You hit the gnoll.
The gnoll is almost dead.
The gnoll barely misses you.
The gnoll hits you from afar with a +0 halberd!
You die...

#.# # ###.# ##### #...#
#.... #.#†##########.###
#.#........#...# #
#.########.#.#####
#########.########.#....##
..............(...........
#########@########.#..#.#.
#g########.#..#...
#gg[.......#..###.
#..#########..# #.
#......<.. #..# #.
#.#####.## #..# #. #.....#
... .. #.....+ ### #.....#
..


You could see 3 gnolls.

Vanquished Creatures
  An adder (D:2)
  3 dart slugs (D:1)
  7 ball pythons
  3 endoplasms
  2 giant cockroaches (D:1)
  A goblin (D:1)
  5 hobgoblins
  2 jackals (D:1)
  7 kobolds (D:1)
  A quokka (D:1)
  3 bats
  4 frilled lizards (D:2)
  8 rats
47 creatures vanquished.

Notes
Turn   | Place    | Note
-------+----------+-------------------------------------------
     0 | D:1      | hwolsky the Minotaur Fighter began the quest for the Orb.
     0 | D:1      | Reached XP level 1. HP: 19/19 MP: 0/0
   135 | D:1      | Reached skill level 1 in Short Blades
   135 | D:1      | Reached XP level 2. HP: 27/27 MP: 1/1
   309 | D:1      | Got Qiak's Opusculum on Vapour and Freezing
   324 | D:1      | Reached XP level 3. HP: 33/33 MP: 2/2
   635 | D:1      | Found a faded altar of an unknown god.
  1369 | D:2      | Slain by a gnoll

Illustrated notes

Levels and vault maps discovered:
D:1:      matt_arrival_spirals, layout_basic, ebering_ecumenical_altar_rust,
          minmay_tall_x
D:2:      layout_basic, minmay_lizard_pond

Skill      XL: |  1  2  3 |
---------------+----------+-----
Short Blades   | 1 2 |  2.1
Fighting       | 4 |  4.0
Shields        | 4 |  4.0
Long Blades    | 3 |  3.0
Armour         | 4 |  4.1

Action                     || total
---------------------------++-------
  Melee: Dagger            ||    88
         Headbutt          ||    15
    Use: Scroll            ||     2
         Potion            ||     2
 Armour: Scale mail        ||    39
  Dodge: Dodged            ||    48
  Block: Buckler           ||    28

Table legend: (Time is in decaauts)
 A = Elapsed time spent in this place.
 B = Non-inter-level travel time spent in this place.
 C = Inter-level travel time spent in this place.
 D = Time resting spent in this place.
 E = Time spent auto-exploring this place.
 F = Levels seen in this place.
 G = Mean time per level.
                   A        B        C        D        E       F      G
               +--------+--------+--------+--------+--------+-----+--------+
         Total |   1362 |   1337 |     25 |      0 |    847 |   2 |  681.0 |
       Dungeon |   1362 |   1337 |     25 |      0 |    847 |   2 |  681.0 |
               +--------+--------+--------+--------+--------+-----+--------+

Top non-repeatable levels by time:
     D:1: 1156 daAuts
     D:2: 206 daAuts
